cohdb
Replays
Latest Replays
All Replays
Popular Replays
Top Player Replays
Match Explorer
How It Works
Community
CoH3 Stats
Reddit
Sign in to upload your games and track your stats! →
Sign in with Steam
Match 41132013
Unlisted
Match 41132013
Overview
Messages
Build Orders
End
Construct Barracks
Riflemen Squad
Riflemen Squad
M1 Mortar Team
Construct Medical Station
Grenade Package
Riflemen Squad
Selects Special Operations Battlegroup
Selects Smoke Screen
Smoke Screen
Infantry Support Center
Riflemen Squad
Smoke Screen
M1918 Browning Automatic Rifles
Smoke Screen
Construct Motor Pool
M1 Anti-tank Gun Team
Advanced Logistics
M1 Anti-tank Gun Team
Smoke Screen
Selects M29 Weasel with M1 Pack Howitzer
Survival Training
M29 Weasel with M1 Pack Howitzer
Smoke Screen
Nolo
Coleslaw
KevinTDW
Clairvoyance
0
0
Comments
sign in to comment!
No comments posted yet!